 Dungeon Crawl Stone Soup version 0.27-a0-1559-g299f9947c5 (webtiles) character file.

Game seed: 3885979277456665550

185 HAL9000 the Covert (level 5, 0/26 HPs)
             Began as a Vine Stalker Brigand on July 16, 2021.
             Slain by an orc priest (6 damage)
             ... on level 4 of the Dungeon.
             The game lasted 00:02:41 (3081 turns).

HAL9000 the Covert (Vine Stalker Brigand)           Turns: 3081, Time: 00:02:41

Health: 0/26       AC:  3    Str: 15    XL:     5   Next: 64%
Magic:  0/6        EV: 11    Int: 11    God:
Gold:   163        SH:  0    Dex: 15    Spells: 4/4 levels left

rFire    . . .     SeeInvis .   a - +2 dagger
rCold    . . .     Faith    .   (no shield)
rNeg     . . .     Spirit   +   b - +0 robe
rPois    .         Reflect  .   (no helmet)
rElec    .         Harm     .   c - +0 cloak
rCorr    .         Rampage  .   (no gloves)
Will     .....                  (no boots)
Stlth    ++++......             (no amulet)
HPRegen  1.08/turn              (no ring)
MPRegen  0.10/turn              (no ring)

@: no status effects
A: fangs 2, regeneration 1, magic shield, antimagic bite, no potion heal 2
a: no special abilities


You were on level 4 of the Dungeon.
You visited 1 branch of the dungeon, and saw 4 of its levels.

You collected 163 gold pieces.

Inventory:

Hand Weapons
 a - a +2 dagger (weapon)
Missiles
 d - 11 poisoned darts (quivered)
Armour
 b - a +0 robe (worn)
 c - a +0 cloak (worn)
Wands
 j - a wand of flame (12)
Scrolls
 f - 2 scrolls of amnesia {unknown}
 i - a scroll of identify {unknown}
 l - a scroll of noise {unknown}
Potions
 g - 2 potions of resistance {unknown}
 h - a potion of mutation {unknown}
 k - a potion of haste {unknown}


   Skills:
 - Level 1.7 Fighting
 - Level 1.7 Short Blades
 - Level 1.7 Throwing
 - Level 0.7 Dodging
 + Level 8.6 Stealth


You had 4 spell levels left.
You didn't know any spells.
Your spell library contained the following spells:

 Spells                   Type           Power      Damage    Failure   Level
 Sublimation of Blood     Necr           0%         N/A       47%         2
 Petrify                  Tmut/Erth      0%         N/A       98%         4
 Irradiate                Conj/Tmut      0%         3d14      100%        5


Dungeon Overview and Level Annotations

Branches:
Dungeon (4/15)
 Temple: D:4-7

Altars:


Innate Abilities, Weirdness & Mutations

You have extremely sharp teeth.
Your natural rate of healing is unusually fast.
When hurt, damage is shared between your health and your magic reserves.
Your bite disrupts and absorbs the magic of your enemies.
Potions cannot restore your health.


Message History

You throw a poisoned dart. The poisoned dart hits the orc priest.
The orc priest is poisoned.
The orc priest is moderately wounded.
The orc priest hits you with a +0 flail.
You hit the orc priest.
The orc priest is heavily wounded.
The orc priest mumbles some strange prayers to Beogh against you.
You struggle to resist.
You closely miss the orc priest. Your bite misses the orc priest.
The orc priest is severely wounded.
The orc priest looks braver for a moment.
You closely miss the orc priest.
You bite the orc priest, but do no damage.
The orc priest is severely wounded.
You hit the orc priest.
The orc priest is severely wounded.
The orc priest hits you with a +0 flail.
You closely miss the orc priest.
The orc priest is severely wounded.
The orc priest hits you with a +0 flail!
You barely miss the orc priest. Your bite misses the orc priest.
The orc priest is severely wounded.
The orc priest looks more healthy.
The orc priest begins to cast a cantrip, but forgets the words!
You hit the orc priest but do no damage.
You bite the orc priest, but do no damage.
The orc priest is severely wounded.
The orc priest barely misses you.
You hit the orc priest.
You bite the orc priest, but do no damage.
The orc priest is severely wounded.
The orc priest hits you with a +0 flail!
You closely miss the orc priest. Your bite misses the orc priest.
The orc priest is severely wounded.
The orc priest hits you with a +0 flail.
* * * LOW HITPOINT WARNING * * *
You closely miss the orc priest.
The orc priest is severely wounded.
The orc priest hits you with a +0 flail.
You die...

#.##....# # #.##....# #
..##....# ######### # #
.(###### ######
#.##.#.##...#### #.....
#....#.##......###.....
#....(o..........'.....
#@###.....###.....
####'###.....# ######
#.......##.....#
#.......##.....#
#.......##.....#
#.......########
#.......# #.......#
..........


You could see an orc priest.

Vanquished Creatures
  A centaur skeleton (D:4)
  2 orc priests (D:4)
  2 adders
  A gnoll (D:1)
  An ufetubus (D:4)
  A worm (D:3)
  2 dart slugs (D:1)
  2 orcs (D:4)
  4 endoplasms
  2 giant cockroaches
  7 goblins
  6 hobgoblins
  5 jackals
  3 quokkas
  3 ball pythons
  4 bats
  4 frilled lizards
  3 kobolds
  6 rats
59 creatures vanquished.

Notes
Turn   | Place    | Note
-------+----------+-------------------------------------------
     0 | D:1      | HAL9000 the Vine Stalker Brigand began the quest for the
                  | Orb.
     0 | D:1      | Reached XP level 1. HP: 11/11 MP: 2/2
    29 | D:1      | Found a faded altar of an unknown god.
    58 | D:1      | Reached skill level 5 in Stealth
   107 | D:1      | Reached XP level 2. HP: 2/15 MP: 1/3
   846 | D:1      | Reached skill level 6 in Stealth
   863 | D:1      | Reached XP level 3. HP: 16/18 MP: 4/4
  2251 | D:3      | Gained mutation: Your natural rate of healing is unusually
                  | fast. [Vine Stalker growth]
  2251 | D:3      | Reached XP level 4. HP: 23/23 MP: 5/5
  2620 | D:3      | Reached skill level 7 in Stealth
  3030 | D:4      | Reached XP level 5. HP: 26/26 MP: 6/6
  3054 | D:4      | Reached skill level 8 in Stealth
  3081 | D:4      | Slain by an orc priest

Illustrated notes

Levels and vault maps discovered:
D:1:      dpeg_arrival_round_a, layout_basic, basic_ecumenical_altar,
          hangedman_decor_growths, minmay_heptomino_o4
D:2:      layout_loops_cross, minmay_tree_intersection
D:3:      layout_loops_corners, kennysheep_generic_room_16
D:4:      kennysheep_goblin_castle, layout_basic,
          grunt_temple_overflow_opulence,
          nicolae_hepliaklqana_ecumenical_no_more

Skill      XL: |  1  2  3  4  5 |
---------------+----------------+-----
Stealth        | 5 6 7 8 |  8.6
Fighting       | |  1.7
Short Blades   | |  1.7
Throwing       | |  1.7
Dodging        | |  0.7

Action                   |  1- 3 |  4- 6 || total
-------------------------+-------+-------++-------
Melee: Dagger            |    77 |    66 ||   143
       Bite              |    11 |    26 ||    37
Throw: Dart              |       |    18 ||    18
 Stab: Sleeping          |    16 |     8 ||    24
Armor: Robe              |     9 |    14 ||    23
Dodge: Dodged            |    28 |    28 ||    56

Table legend: (Time is in decaauts)
 A = Elapsed time spent in this place.
 B = Non-inter-level travel time spent in this place.
 C = Inter-level travel time spent in this place.
 D = Time resting spent in this place.
 E = Time spent auto-exploring this place.
 F = Levels seen in this place.
 G = Mean time per level.
                   A        B        C        D        E       F      G
               +--------+--------+--------+--------+--------+-----+--------+
         Total |   3066 |   3006 |     60 |    446 |   2181 |   4 |  766.5 |
       Dungeon |   3066 |   3006 |     60 |    446 |   2181 |   4 |  766.5 |
               +--------+--------+--------+--------+--------+-----+--------+

Top non-repeatable levels by time:
     D:1: 1375 daAuts
     D:3: 959 daAuts
     D:2: 582 daAuts
     D:4: 149 daAuts
